 Dungeon Crawl Stone Soup version 0.20-a0-739-g6bb112f (webtiles) character file.

60 Gorglomux the Bolt Thrower (level 4, -3/26 HPs)
             Began as a Kobold Hunter on Feb 24, 2017.
             Slain by a gnoll
             ... wielding a +0 spear
              (5 damage)
             ... on level 2 of the Dungeon.
             The game lasted 00:02:22 (2050 turns).

Gorglomux the Bolt Thrower (Kobold Hunter)          Turns: 2050, Time: 00:02:23

Health: -3/26      AC:  3    Str:  9    XL:     4   Next: 25%
Magic:  4/4        EV: 14    Int: 12    God:
Gold:   79         SH:  0    Dex: 16    Spells: 3/3 levels left

rFire    . . .     SeeInvis .   b - +0 short sword
rCold    . . .     Gourm    .   c - +0 leather armour
rNeg     . . .     Faith    .   (shield restricted)
rPois    .         Spirit   .   (no helmet)
rElec    .         Reflect  .   (no cloak)
rCorr    .         Harm     .   (no gloves)
MR       .....                  (no boots)
Stlth    ++........             (no amulet)
Regen    0.1/turn               (no ring)
MPRegen  0.1/turn               (no ring)

@: no status effects
A: carnivore 3
a: no special abilities


You were on level 2 of the Dungeon.
You were very full.

You visited 1 branch of the dungeon, and saw 2 of its levels.

You collected 79 gold pieces.

Inventory:

Hand Weapons
 a - a +1 hand crossbow
 b - a +0 short sword (weapon)
Missiles
 d - 61 bolts
 k - 30 sling bullets
 m - 104 stones (quivered)
 Z - a throwing net
Armour
 c - a +0 leather armour (worn)
Scrolls
 g - a scroll of fear {unknown}
 l - a scroll of immolation {unknown}
 T - 3 scrolls of teleportation
Potions
 h - a potion of curing
 V - a potion of mutation {unknown}
Comestibles
 f - 2 meat rations


   Skills:
 - Level 2.1 Fighting
 + Level 4.6 Short Blades
 - Level 4.8 Crossbows
 - Level 2.4 Dodging
 - Level 1.3 Stealth


You had 3 spell levels left.
You didn't know any spells.

Dungeon Overview and Level Annotations

Branches:
Dungeon (2/15)

Altars:


Innate Abilities, Weirdness & Mutations

You are small and have problems with some larger weapons.
You are carnivorous and can eat meat at any time.


Message History

The gnoll closely misses you. The gnoll barely misses you.
You swing at nothing.
You swing at nothing.
You hit the gnoll but do no damage. The gnoll barely misses you.
You hit the gnoll.
The gnoll is moderately wounded.
The gnoll hits you with a spear!
You hit the gnoll but do no damage.
The gnoll is moderately wounded.
The gnoll hits you from afar with a spear!
* * * LOW HITPOINT WARNING * * *
You hit the gnoll.
The gnoll is severely wounded.
The gnoll hits you with a spear.
* * * LOW HITPOINT WARNING * * *
The gnoll barely misses you.
The gnoll hits you from afar with a spear.
* * * LOW HITPOINT WARNING * * *
The gnoll hits you from afar with a spear.
You die...

######### #..gg...#
######.#####.# ###
#........###.# #..
#.####.#..##.# #.# #.#.g..)# #.#
#....g..# #.#
#......@########### #.#
####..............# #..
#.#.##########.# ### #.### #.##
##+# #..# ..# ##...## ##.# #.#
##.....## ### #.# #.###...[...##
##.###.#
#...#.##.........####...##.#####


You could see 2 gnolls.

Vanquished Creatures
  A gnoll (D:2)
  An adder (D:2)
  An ooze (D:1)
  A worm (D:2)
  A leopard gecko (D:1)
  6 bats
  4 giant cockroaches (D:1)
  6 goblins
  3 hobgoblins (D:1)
  3 kobolds (D:1)
  A ball python (D:1)
  3 frilled lizards
  2 rats (D:1)
33 creatures vanquished.

Notes
Turn   | Place    | Note
-------+----------+-------------------------------------------
     0 | D:1      | Gorglomux the Kobold Hunter began the quest for the Orb.
     0 | D:1      | Reached XP level 1. HP: 12/12 MP: 1/1
    79 | D:1      | Reached skill level 1 in Short Blades
   286 | D:1      | Reached XP level 2. HP: 14/17 MP: 2/2
   654 | D:1      | Reached skill level 3 in Short Blades
   702 | D:1      | Reached XP level 3. HP: 21/21 MP: 3/3
  1780 | D:2      | Reached XP level 4. HP: 22/26 MP: 4/4
  2050 | D:2      | Slain by a gnoll

Vault maps used:
D:1:      nagdon_arrival_double_spiral
D:2:      lemuel_upstairs_altar

Skill      XL: |  1  2  3 |
---------------+----------+-----
Short Blades   | 2 3 4 |  4.6
Fighting       | |  2.1
Crossbows      | |  4.8
Dodging        | |  2.4
Stealth        | |  1.3

Action                   |  1- 3 |  4- 6 || total
-------------------------+-------+-------++-------
Melee: Short sword       |   138 |    14 ||   152
  Use: Scroll            |     1 |       ||     1
       Potion            |     1 |       ||     1
 Stab: Sleeping          |     2 |       ||     2
  Eat: Chunk             |    11 |       ||    11
Armor: Leather armour    |    28 |       ||    28
Dodge: Dodged            |   106 |     7 ||   113
